 Dungeon Crawl Stone Soup version 0.31-a0-986-g5e6e4ef867 (webtiles) character file.

Game seed: 6439188146861459740

10721 jlumianski the Grappler (level 11, -3/75 HPs)
             Began as a Gnoll Shapeshifter on Nov 14, 2023.
             Was a Believer of Hepliaklqana.
             Slain by a yak (13 damage)
             ... on level 1 of the Lair of Beasts on Nov 15, 2023.
             The game lasted 00:58:11 (10519 turns).

jlumianski the Grappler (Gnoll Shapeshifter)       Turns: 10519, Time: 00:58:12

Health: -3/75      AC:  6    Str: 16    XL:     11   Next: 66%
Magic:  18/21      EV: 18    Int:  9    God:    Hepliaklqana [**....]
Gold:   394        SH:  0    Dex: 20    Spells: 14/24 levels left

rFire   . . .        z - +2 rapier (venom)
rCold   . . .        (no shield)
rNeg    . . .        P - +0 steam dragon scales
rPois   .            (helmet currently unavailable)
rElec   .            (cloak currently unavailable)
rCorr   .            (gloves currently unavailable)
SInv    .            (boots currently unavailable)
Will    .....        (no amulet)
Stlth   ++++         s - +4 ring of slaying
HPRegen 0.32/turn    u - +6 ring of dexterity
MPRegen 0.17/turn

%: no passive effects
@: beast-form
A: beast (slay +4), reduced essence, fangs 1, strong nose, distributed training
a: Begin Untransformation, Renounce Religion, Recall Ancestor, Ancestor Identity


You were on level 1 of the Lair of Beasts.
You worshipped Hepliaklqana.
Hepliaklqana was pleased with you.
You were a hulking beast.
You visited 3 branches of the dungeon, and saw 13 of its levels.

You collected 424 gold pieces.
You spent 30 gold pieces at shops.

Inventory:

Hand Weapons
 z - a +2 rapier of venom (weapon)
 F - a +4 trident of draining
Missiles
 q - 27 poisoned darts
 x - a throwing net
 B - 5 curare-tipped darts
 G - 6 boomerangs (quivered)
Armour
 a - the +10 plate armour "Caevod" {-Tele rElec rCorr}
   (You found it on level 7 of the Dungeon)

   rElec:     It insulates you from electricity.
   -Tele:     It prevents most forms of teleportation.
   rCorr:     It protects you from acid and corrosion.
 r - a +0 leather armour of willpower
 I - an orb of guile
 P - +0 steam dragon scales (worn)
Jewellery
 s - a +4 ring of slaying (left hand)
 u - a +6 ring of dexterity (right hand)
 C - a ring of poison resistance
 S - a +6 ring of strength
Talismans
 c - a beast talisman (active)
 d - a flux talisman
 U - a granite talisman
Wands
 e - a wand of polymorph (6)
 i - a wand of quicksilver (8)
 t - a wand of flame (29)
 y - a wand of roots (12)
 E - a wand of mindburst (6)
 M - a wand of paralysis (31)
 R - a wand of digging (5)
Scrolls
 b - a scroll of enchant armour
 f - a scroll of fear {unknown}
 g - a scroll of enchant weapon
 h - a scroll of poison
 j - a scroll of immolation
 m - a scroll of revelation {unknown}
 o - a scroll of fog {unknown}
 p - a scroll of summoning
 w - a scroll of acquirement {unknown}
 K - a scroll of amnesia {unknown}
 O - a scroll of vulnerability
Potions
 k - 2 potions of curing
 n - 2 potions of enlightenment
 v - 2 potions of invisibility
 A - a potion of might
 D - 5 potions of lignification
 H - a potion of haste {unknown}
 J - 2 potions of brilliance
 L - a potion of mutation
 N - a potion of ambrosia {unknown}
Miscellaneous
 l - a phantom mirror


   Skills:
 + Level 7.5 Fighting
 + Level 7.0 Short Blades
 + Level 7.0 Long Blades
 + Level 7.0 Axes
 + Level 7.0 Maces & Flails
 + Level 7.0 Polearms
 + Level 7.0 Staves
 + Level 7.0 Ranged Weapons
 + Level 7.0 Throwing
 + Level 7.0 Armour
 + Level 8.5 Dodging
 + Level 7.0 Stealth
 + Level 7.0 Shields
 + Level 9.7 Unarmed Combat
 + Level 7.0 Spellcasting
 + Level 5.8 Conjurations
 + Level 5.8 Hexes
 + Level 5.8 Summonings
 + Level 5.8 Necromancy
 + Level 5.8 Translocations
 + Level 5.8 Transmutations
 + Level 5.8 Fire Magic
 + Level 5.8 Ice Magic
 + Level 5.8 Air Magic
 + Level 5.8 Earth Magic
 + Level 5.8 Poison Magic
 + Level 7.7 Invocations
 + Level 7.0 Evocations
 + Level 9.2 Shapeshifting


You had 14 spell levels left.
You knew the following spells:

 Your Spells              Type           Power      Damage    Failure   Level
a - Slow                  Hex            52%        N/A       1%          1
b - Confusing Touch       Hex            13%        N/A       5%          3
c - Dazzling Flash        Conj/Hex       26%        N/A       5%          3
d - Volatile Blastmotes   Fire/Tloc      26%        2d12      5%          3

Your spell library contained the following spells:

 Spells                   Type           Power      Damage    Failure   Level
 Sigil of Binding         Hex            13%        N/A       5%          3
 Vampiric Draining        Necr           13%        2d6       5%          3
 Manifold Assault         Tloc           13%        N/A       19%         4
 Vhi's Electric Charge    Tloc/Air       26%        N/A       19%         4
 Arcjolt                  Conj/Air       6%         1d16      45%         5
 Summon Forest            Summ/Tloc      6%         N/A       45%         5
 Dispersal                Tloc           6%         N/A       95%         6
 Eringya's Noxious Bog    Tmut/Pois      6%         4d6       95%         6
 Plasma Beam              Fire/Air       6%         2x1d17    95%         6
 Starburst                Conj/Fire      6%         6d4       95%         6
 Summon Hydra             Summ           6%         N/A       100%        7
 Disjunction              Tloc           6%         N/A       100%        8
 Maxwell's Capacitive Co  Air            6%         ∞         100%        8


Dungeon Overview and Level Annotations

Branches:
Dungeon (10/15)            Temple (1/1) D:5            Lair (2/5) D:8
  Swamp: Lair:2-3    Shoals: Lair:2-3     Snake: Lair:2-3    Spider: Lair:2-3
    Orc: D:9-12

Altars:
Ashenzari
Cheibriados
Dithmenos
Elyvilon
Fedhas
Gozag
Hepliaklqana
Kikubaaqudgha
Makhleb
Nemelex Xobeh
Okawaru
Qazlal
Ru
Sif Muna
Trog
Uskayaw
Vehumet
Wu Jian
Xom
Yredelemnul
Zin
The Shining One

Shops:
D:1 ([!   D:6 (

Annotations:
Lair:2 exclusion: oklob plant


Innate Abilities, Weirdness & Mutations

You are a hulking beast.
Your limbs bulge with bestial killing power. (Slay +4)
Your life essence is reduced to manifest your ancestor. (-10% HP)
You have very sharp teeth.
Your uncanny sense of smell can sniff out nearby items.
Your experience applies equally to all skills.


Message History

Nebetia blocks the yak's attack.
You puncture the yak!
You kill the yak!
Nebetia hits the yak with a +0 flail.
Nebetia blocks the yak's attack.
The yak gores Nebetia but does no damage.
The yak gores Nebetia!
The yak gores Nebetia!
Nebetia is destroyed!
You hit the yak.
The yak is poisoned.
You bite the yak!
The yak is heavily wounded.
The yak gores you but does no damage.
You puncture the yak!
The yak looks as sick as possible!
The yak is almost dead.
You kill the yak!
You puncture the yak!
The yak is poisoned.
You bite the yak.
The yak is heavily wounded.
The yak gores you!
You hit the yak.
The yak looks as sick as possible!
The yak is severely wounded.
The yak completely misses you. The yak gores you.
* * * LOW HITPOINT WARNING * * *
Casting: Dazzling Flash (dangerous; 5% risk of failure)
Confirm with . or Enter, or press ? or * to list all spells.
Casting: Dazzling Flash (dangerous; 5% risk of failure)
Press: ? - help, Dir - look around, f - activate The yak is dazzled.
The yak misses you. The yak barely misses you.
You puncture the yak!
You kill the yak!
The yak barely misses you.
You hit the yak.
The yak is poisoned.
You bite the yak.
The yak is lightly wounded.
The yak gores you!
* * * LOW HITPOINT WARNING * * *
You hit the yak.
The yak looks as sick as possible!
You bite the yak.
The yak is heavily wounded.
The yak misses you.
You puncture the yak!
The yak is severely wounded.
The yak gores you!
You die...

### #####..(#.#
###.###........###
##.#.......###....##
......###P######...####
..#####
#####.........## ###
..............## #
................
.......†....#...
......Yh.....#..
.............##.
..............#
............###
...........##
...........#
..........#.
............#


You could see a yak (extremely poisoned).

Vanquished Creatures
  An ogre mage (D:10)
  A two-headed ogre (D:8)
  A cane toad (Lair:1)
  An unseen horror (D:10)
  Psyche (D:8)
  A troll (D:9)
  A hornet (D:8)
  A slime creature (D:9)
  A wraith (D:9)
  A wyvern (Lair:1)
  A basilisk (Lair:1)
  13 yaks
  Eustachio (D:5)
  3 steam dragons
  2 vampire mosquitoes (D:9)
  6 water moccasins
  2 orc warriors
  2 black bears
  2 centaurs
  3 kobold brigands
  9 bullfrogs
  A gnoll sergeant (D:10)
  2 scorpions
  2 wights (D:9)
  8 killer bees
  An electric eel (Lair:1)
  4 jellies
  4 howler monkeys
  A hound (D:5)
  6 orc priests
  2 iguanas
  3 sleepcaps
  7 orc wizards
  11 gnolls
  8 adders
  2 shadow imps
  3 white imps
  2 ufetubi (D:5)
  2 worms
  5 dart slugs
  22 orcs
  9 ball pythons
  9 endoplasms
  3 giant cockroaches
  5 goblins
  3 hobgoblins (D:1)
  2 jackals (D:2)
  5 quokkas
  3 bats
  2 frilled lizards
  26 kobolds
  3 rats
220 creatures vanquished.

Vanquished Creatures (collateral kills)
  Jeremiah (D:9)
  3 yaks
  A water moccasin (Lair:1)
  A centaur (D:7)
  A kobold brigand (D:7)
  2 killer bees
  An adder (D:6)
  A kobold (D:8)
11 creatures vanquished.

Vanquished Creatures (others)
  An angel (D:9)
  3 knights
  5 ancestors
9 creatures vanquished.

Grand Total: 240 creatures vanquished

Notes
Turn   | Place    | Note
-------+----------+-------------------------------------------
     0 | D:1      | jlumianski the Gnoll Shapeshifter began the quest for the
                  | Orb.
     0 | D:1      | Reached XP level 1. HP: 17/17 MP: 1/1
    17 | D:1      | Found Qereifre's Armour Boutique.
   141 | D:1      | Reached XP level 2. HP: 21/23 MP: 2/2
   204 | D:1      | Found Kiomimas's Weapon Shop.
   429 | D:1      | Found Zuebbuk's Distillery.
   433 | D:1      | Bought a potion of curing for 30 gold pieces
   944 | D:3      | Reached XP level 3. HP: 28/28 MP: 3/3
  1048 | D:3      | Reached skill level 1 in Invocations
  1092 | D:3      | Reached skill level 1 in Short Blades
  1092 | D:3      | Reached skill level 1 in Long Blades
  1092 | D:3      | Reached skill level 1 in Axes
  1092 | D:3      | Reached skill level 1 in Maces & Flails
  1092 | D:3      | Reached skill level 1 in Polearms
  1092 | D:3      | Reached skill level 1 in Staves
  1092 | D:3      | Reached skill level 1 in Ranged Weapons
  1092 | D:3      | Reached skill level 1 in Throwing
  1092 | D:3      | Reached skill level 1 in Armour
  1092 | D:3      | Reached skill level 1 in Stealth
  1092 | D:3      | Reached skill level 1 in Shields
  1092 | D:3      | Reached skill level 1 in Spellcasting
  1092 | D:3      | Reached skill level 1 in Evocations
  1187 | D:3      | Reached XP level 4. HP: 31/34 MP: 5/5
  1390 | D:2      | Reached skill level 1 in Conjurations
  1390 | D:2      | Reached skill level 1 in Hexes
  1390 | D:2      | Reached skill level 1 in Summonings
  1390 | D:2      | Reached skill level 1 in Necromancy
  1390 | D:2      | Reached skill level 1 in Translocations
  1390 | D:2      | Reached skill level 1 in Transmutations
  1390 | D:2      | Reached skill level 1 in Fire Magic
  1390 | D:2      | Reached skill level 1 in Ice Magic
  1390 | D:2      | Reached skill level 1 in Air Magic
  1390 | D:2      | Reached skill level 1 in Earth Magic
  1390 | D:2      | Reached skill level 1 in Poison Magic
  1656 | D:2      | Noticed a scorpion
  1661 | D:2      | Killed a scorpion
  1662 | D:2      | Reached XP level 5. HP: 41/41 MP: 5/7
  2285 | D:4      | Noticed a black bear
  2295 | D:4      | Killed a black bear
  2296 | D:4      | Reached skill level 5 in Dodging
  2296 | D:4      | Reached XP level 6. HP: 15/47 MP: 7/9
  2468 | D:4      | Reached skill level 5 in Fighting
  2468 | D:4      | Reached skill level 5 in Short Blades
  2468 | D:4      | Reached skill level 5 in Long Blades
  2468 | D:4      | Reached skill level 5 in Axes
  2468 | D:4      | Reached skill level 5 in Maces & Flails
  2468 | D:4      | Reached skill level 5 in Polearms
  2468 | D:4      | Reached skill level 5 in Staves
  2468 | D:4      | Reached skill level 5 in Ranged Weapons
  2468 | D:4      | Reached skill level 5 in Throwing
  2468 | D:4      | Reached skill level 5 in Armour
  2468 | D:4      | Reached skill level 5 in Stealth
  2468 | D:4      | Reached skill level 5 in Shields
  2468 | D:4      | Reached skill level 5 in Spellcasting
  2468 | D:4      | Reached skill level 5 in Invocations
  2468 | D:4      | Reached skill level 5 in Evocations
  2468 | D:4      | Reached XP level 7. HP: 57/57 MP: 9/14
  2589 | D:5      | Entered Level 5 of the Dungeon
  3639 | D:5      | Reached XP level 8. HP: 60/64 MP: 15/15
  3973 | D:5      | Found a staircase to the Ecumenical Temple.
  3976 | D:5      | Noticed Eustachio
  4002 | D:5      | Killed Eustachio
  4013 | Temple   | Entered the Ecumenical Temple
  4030 | Temple   | Became a worshipper of Hepliaklqana the Forgotten
  4426 | D:6      | Learned a level 1 spell: Slow
  4430 | D:6      | Learned a level 3 spell: Confusing Touch
  5137 | D:6      | Reached XP level 9. HP: 69/69 MP: 15/17
  5325 | D:6      | Found Couga's Antique Weapon Emporium.
  5335 | D:6      | Reached * piety under Hepliaklqana
  6598 | D:8      | Found a staircase to the Lair.
  6824 | D:7      | Identified the +10 plate armour "Caevod" {-Tele rElec
                  | rCorr}
  7205 | D:9      | Learned a level 3 spell: Dazzling Flash
  7209 | D:9      | Learned a level 3 spell: Volatile Blastmotes
  7268 | D:9      | Noticed a hornet
  7301 | D:8      | Killed a hornet
  7528 | D:9      | Killed an angel
  7566 | D:9      | Reached XP level 10. HP: 63/69 MP: 14/18
  7855 | D:8      | Noticed Psyche
  7867 | D:8      | Killed Psyche
  8060 | D:10     | Entered Level 10 of the Dungeon
  8129 | D:9      | Reached skill level 5 in Conjurations
  8129 | D:9      | Reached skill level 5 in Hexes
  8129 | D:9      | Reached skill level 5 in Summonings
  8129 | D:9      | Reached skill level 5 in Necromancy
  8129 | D:9      | Reached skill level 5 in Translocations
  8129 | D:9      | Reached skill level 5 in Transmutations
  8129 | D:9      | Reached skill level 5 in Fire Magic
  8129 | D:9      | Reached skill level 5 in Ice Magic
  8129 | D:9      | Reached skill level 5 in Air Magic
  8129 | D:9      | Reached skill level 5 in Earth Magic
  8129 | D:9      | Reached skill level 5 in Poison Magic
  8328 | D:9      | Noticed Jeremiah
  8776 | D:10     | Killed an unseen horror
  8843 | D:10     | Noticed a two-headed ogre
  8913 | D:10     | Noticed an ogre mage
  8932 | D:10     | Killed an ogre mage
  8933 | D:10     | Noticed a two-headed ogre
  9158 | D:9      | Found a glowing silver altar of Zin.
  9161 | D:9      | Found a shimmering altar of Xom.
  9193 | D:9      | Reached ** piety under Hepliaklqana
  9194 | D:9      | Remembered your ancestor Nebetia as a knight
  9231 | D:9      | Noticed a two-headed ogre
  9359 | D:8      | Reached XP level 11. HP: 65/75 MP: 20/20
  9401 | D:8      | Killed a two-headed ogre
  9535 | D:9      | Killed Jeremiah
  9603 | D:9      | Noticed a manticore
  9606 | D:9      | Noticed a boulder beetle
  9609 | D:9      | HP: 3/75 [manticore (2)]
  9877 | D:14     | Identified the "Ynabyly"
  9877 | Lair:1   | Entered Level 1 of the Lair of Beasts
 10388 | Lair:2   | Noticed an oklob plant
 10519 | Lair:1   | Slain by a yak

Illustrated notes

Levels and vault maps discovered:
D:1:      heliophobic_arrival_battle_scene, layout_basic, serial_shops, shop,
          shop_statue, shop, serial_park_tiny_1
D:2:      layout_rooms, corexii_corridor_pit
D:3:      layout_basic
D:4:      layout_loops_ring, serial_co_window_serial,
          co_window_of_opportunity_a, co_window_paths_a, co_window_paths_b,
          co_window_paths_a, co_window_corner_a, co_window_paths_a,
          co_window_paths_b, co_window_corner_a, co_window_cross_1,
          co_window_2corner, co_window_corner_b, co_window_unsneaky_path_d,
          co_window_of_opportunity_b, co_window_corner_cb, co_window_paths_d,
          glass_columns_b, glass_columns_a, glass_columns_a
D:5:      layout_loops_ring, minmay_temple_entry_hall, uniq_eustachio
D:6:      layout_loops_ring, serial_shops, nicolae_shop_just_a_little_nook,
          nicolae_the_louvre
D:7:      layout_basic, kennysheep_generic_room_15
D:8:      layout_rooms, lair_entry_dummy, uniq_psyche
D:9:      minmay_ornate_pinched, layout_rooms,
          grunt_temple_overflow_order_and_chaos_1, uniq_jeremiah
D:10:     layout_basic
Temple:   nicolae_temple_bog_church
Lair:1:   layout_cave_pods, serial_bayou_shore_a, grunt_megastairs_2
Lair:2:   layout_long_grid, mainiacjoe_shoals_entry_four_pools,
          gammafunk_ghost_hydra_chop, lemuel_oklob_altar, grunt_megastairs_1

Skill      XL: |  1  2  3  4  5  6  7  8  9 10 11 |
---------------+----------------------------------+-----
Invocations    | 1 2 5 6 7 |  7.7
Short Blades   | 1 2 5 6 7 |  7.0
Long Blades    | 1 2 5 6 7 |  7.0
Axes           | 1 2 5 6 7 |  7.0
Maces & Flails | 1 2 5 6 7 |  7.0
Polearms       | 1 2 5 6 7 |  7.0
Staves         | 1 2 5 6 7 |  7.0
Ranged Weapons | 1 2 5 6 7 |  7.0
Throwing       | 1 2 5 6 7 |  7.0
Armour         | 1 2 5 6 7 |  7.0
Stealth        | 1 2 5 6 7 |  7.0
Shields        | 1 2 5 6 7 |  7.0
Spellcasting   | 1 2 5 6 7 |  7.0
Evocations     | 1 2 5 6 7 |  7.0
Conjurations   | 1 4 5 |  5.8
Hexes          | 1 4 5 |  5.8
Summonings     | 1 4 5 |  5.8
Necromancy     | 1 4 5 |  5.8
Translocations | 1 4 5 |  5.8
Transmutations | 1 4 5 |  5.8
Fire Magic     | 1 4 5 |  5.8
Ice Magic      | 1 4 5 |  5.8
Air Magic      | 1 4 5 |  5.8
Earth Magic    | 1 4 5 |  5.8
Poison Magic   | 1 4 5 |  5.8
Fighting       | 3 5 6 7 |  7.5
Dodging        | 5 6 7 8 |  8.5
Unarmed Combat | 8 9 |  9.7
Shapeshifting  | 8 9 |  9.2

Action                     |  1- 3 |  4- 6 |  7- 9 | 10-12 || total
---------------------------+-------+-------+-------+-------++-------
  Melee: Unarmed           |    60 |    54 |   129 |    44 ||   287
         Bite              |     3 |     5 |    29 |    32 ||    69
         Punch             |       |       |    17 |    19 ||    36
         Rapier            |       |       |    98 |   148 ||   246
  Throw: Dart              |       |     5 |     6 |     9 ||    20
         Boomerang         |       |       |       |     4 ||     4
         Throwing net      |       |       |       |     1 ||     1
   Cast: Slow              |       |       |     4 |     1 ||     5
         Confusing Touch   |       |       |     6 |     2 ||     8
         Volatile Blastmot |       |       |       |     6 ||     6
         Dazzling Flash    |       |       |       |     5 ||     5
 Invoke: Recall Ancestor   |       |       |     2 |     3 ||     5
         Ancestor Life: Kn |       |       |       |     1 ||     1
  Evoke: Wand              |       |       |     1 |     1 ||     2
    Use: Potion            |       |     3 |     4 |     1 ||     8
         Scroll            |       |     2 |    12 |     4 ||    18
   Stab: Sleeping          |       |     2 |     9 |     6 ||    17
         Distracted        |       |       |     3 |     1 ||     4
         Confused          |       |       |     1 |     1 ||     2
         Invisible         |       |       |       |     4 ||     4
 Armour: Animal skin       |     3 |       |       |       ||     3
         Leather armour    |    13 |    21 |    56 |       ||    90
         Skin              |       |     6 |       |    12 ||    18
         Steam dragon scal |       |       |    69 |   131 ||   200
  Dodge: Dodged            |    29 |    36 |   185 |   181 ||   431
   Form: Statue            |       |       |       |     1 ||     1
         Beast             |       |       |       |     1 ||     1

Table legend: (Time is in decaauts)
 A = Elapsed time spent in this place.
 B = Non-inter-level travel time spent in this place.
 C = Inter-level travel time spent in this place.
 D = Time resting spent in this place.
 E = Time spent auto-exploring this place.
 F = Levels seen in this place.
 G = Mean time per level.
                   A        B        C        D        E       F      G
               +--------+--------+--------+--------+--------+-----+--------+
         Total |  10503 |  10139 |    364 |   2366 |   3839 |  13 |  807.9 |
       Dungeon |   9819 |   9456 |    363 |   2127 |   3684 |  10 |  981.9 |
        Temple |     40 |     40 |      0 |      0 |      0 |   1 |   40.0 |
          Lair |    643 |    643 |      0 |    239 |    155 |   2 |  321.5 |
               +--------+--------+--------+--------+--------+-----+--------+

Top non-repeatable levels by time:
     D:8: 1516 daAuts
     D:4: 1350 daAuts
     D:6: 1269 daAuts
     D:7: 1171 daAuts
     D:9: 1121 daAuts
     D:5: 982 daAuts
     D:1: 809 daAuts
     D:3: 745 daAuts
  Lair:1: 603 daAuts
     D:2: 600 daAuts
    D:10: 251 daAuts
  Temple: 40 daAuts
  Lair:2: 39 daAuts
